 Dungeon Crawl Stone Soup version 0.19-a0-147-g6f47703 (webtiles) character file.

159 wvc the Chiller (level 5, -1/28 HPs)
             Began as a Gargoyle Ice Elementalist on May 18, 2016.
             Was a Follower of Dithmenos.
             Killed by miscasting Summon Ice Beast (11 damage)
             ... on level 4 of the Dungeon.
             The game lasted 00:09:04 (2824 turns).

wvc the Chiller (Gargoyle Ice Elementalist)         Turns: 2824, Time: 00:09:05

Health: -1/28      AC: 11    Str: 12    XL:     5   Next: 40%
Magic:  1/9        EV: 11    Int: 16    God:    Dithmenos [*.....]
Gold:   166        SH:  0    Dex: 10    Spells: 3 memorised, 2 levels left

rFire  . . .     SeeInvis .     l - -2 dagger (curse)
rCold  . . .     Gourm    .     k - +2 leather armour {MR+}
rNeg   + . .     Faith    .     (no shield)
rPois  ∞         Spirit   .     n - +0 helmet
rElec  +         Dismiss  .     f - +0 cloak
rCorr  .         Reflect  .     (no gloves)
SustAt .         Harm     .     (no boots)
MR     +....                    (no amulet)
Stlth  +.........               p - ring of wizardry
                                g - ring of loudness (curse)

@: very slightly contaminated, wreathed by umbra, somewhat resistant to hostile
enchantments, very unstealthy
A: negative energy resistance 1, electricity resistance, unbreathing,
petrification resistance, rot immunity, AC +4
a: Renounce Religion


You were on level 4 of the Dungeon.
You worshipped Dithmenos.
Dithmenos was aware of your devotion.
You were hungry.

You visited 1 branch of the dungeon, and saw 5 of its levels.

You collected 166 gold pieces.

Inventory:

Hand Weapons
 e - a +1 dagger of venom
 l - a cursed -2 dagger (weapon)
Missiles
 i - 5 javelins (quivered)
Armour
 f - a +0 cloak (worn)
 k - a +2 leather armour of magic resistance (worn)
 n - a +0 helmet (worn)
Jewellery
 g - a cursed ring of loudness (left hand)
 p - a ring of wizardry (right hand)
 t - an uncursed ring of flight
Wands
 j - a wand of slowing (24/48)
 v - a wand of enslavement (15/24)
Scrolls
 s - a scroll of blinking
 w - a scroll of identify
Potions
 d - a potion of flight {unknown}
 h - a potion of brilliance {unknown}
 m - a potion of heal wounds {unknown}
 q - a potion of lignification {unknown}
 u - a potion of invisibility {unknown}
Books
 b - a book of Frost

   Spells                             Type                      Level
   a - Freeze                         Ice                          1
   b - Throw Frost                    Conjuration/Ice              2
   c - Ozocubu's Armour               Charms/Ice                   3
   d - Throw Icicle                   Conjuration/Ice              4
   e - Summon Ice Beast               Ice/Summoning                4
Comestibles
 a - a royal jelly
 c - a bread ration
 o - a meat ration
 r - 4 fruits


   Skills:
 - Level 1.5 Dodging
 - Level 2.1 Stealth
 + Level 3.0 Spellcasting
   Level 1.1 Conjurations
 * Level 0.3 Summonings
 * Level 5.2 Ice Magic


You had 2 spell levels left.
You knew the following spells:

 Your Spells              Type           Power        Failure   Level  Hunger
a - Freeze                Ice            ###.         1%          1    #......
b - Ozocubu's Armour      Chrm/Ice       ##......     12%         3    ###....
c - Summon Ice Beast      Ice/Summ       ##......     43%         4    #####..


Dungeon Overview and Level Annotations

Branches:
Dungeon (5/15)
 Temple: D:4-7

Altars:
Cheibriados
Dithmenos
Okawaru

Annotations:
D:4 exclusion: phantom


Innate Abilities, Weirdness & Mutations

You are resistant to torment.
Your stone body is resilient (AC +4).
You are immune to poison.
You resist negative energy.
You are resistant to electric shocks.
You can survive without breathing.
You are immune to petrification.
You are immune to rotting.


Message History

You hear the sound of rushing water.
There is an entrance to a sewer on this level.
Hurry and find it before the portal rusts away!
You hear the brisk rusting of a very distant drain.
Level annotation: exclusion: phantom The orc barely misses you.
The orc wizard casts a spell at you. The magic dart hits you!
There is a stone staircase leading up here.
Casting: Freeze
Confirm with . or Enter, or press ? or * to list all spells.
You miscast Summon Ice Beast.
You are very lightly contaminated with residual magic.
Heat is drained from your body!
You are feeling hungry.
The orc hits you.
Casting: Summon Ice Beast
Confirm with . or Enter, or press ? or * to list all spells.
You miscast Summon Ice Beast.
You are caught in a localised spatial distortion.
You die...

#..,,,* #.#**,* #.# *,*
##################.###.###*******
...........o...o......./.>,,,,,,,
##########.#######.##.##.,*******
,........#.#.....o........,,,,,,,
*###.......#..##..#.#.####*******
* #............@.......,,,,,,,*
***#.............o..#.###*****,*
,,......................* *,*
,.....................#.#*****,*
,...######............#<.,,,,,,*
,...,,,* #.........##.#**********
*,,,,,,**####......+,..(,,,,,,,,,
,,,,,,,,,,,,+......#*,##*********
*,,,,,,*****#.......*,,,,,*


You could see an orc wizard and an orc.

Vanquished Creatures
  A worker ant (D:4)
  7 adders
  An ooze (D:2)
  3 worms
  A dart slug (D:3)
  2 giant geckos
  2 giant cockroaches
  7 goblins
  5 hobgoblins
  3 jackals
  3 quokkas
  4 ball pythons
  3 bats
  2 giant newts
  5 kobolds
  11 rats
60 creatures vanquished.

Notes
Turn   | Place    | Note
--------------------------------------------------------------
     0 | D:1      | wvc the Gargoyle Ice Elementalist began the quest for the Orb.
     0 | D:1      | Reached XP level 1. HP: 10/10 MP: 3/3
     0 | D:1      | Noticed a large abomination
     0 | D:1      | Noticed a purple draconian
     2 | D:1      | Noticed a shadow dragon
     4 | D:1      | Noticed a shadow dragon
     5 | D:1      | Noticed a red draconian
     6 | D:1      | Noticed an orb of fire
    10 | D:1      | Noticed a large abomination
    14 | D:1      | Noticed a shadow dragon
    14 | D:1      | Noticed a tentacled monstrosity
    14 | D:1      | Noticed a tentacled monstrosity
    17 | D:1      | Noticed an ice dragon
    17 | D:1      | Noticed a shadow dragon
    19 | D:1      | Noticed a shadow dragon
    21 | D:1      | Noticed a white draconian
   246 | D:1      | Reached XP level 2. HP: 15/15 MP: 1/5
   736 | D:2      | Found an iron altar of Okawaru.
   773 | D:2      | Found a faded altar to an unknown god.
   811 | D:2      | Reached skill level 4 in Ice Magic
   811 | D:2      | Reached XP level 3. HP: 13/19 MP: 0/6
   820 | D:2      | Became a worshipper of Dithmenos the Shadowed
   820 | D:2      | Reached * piety under Dithmenos
  1215 | D:2      | Learned a level 3 spell: Ozocubu's Armour
  1638 | D:2      | Reached XP level 4. HP: 24/24 MP: 5/7
  1742 | D:3      | Found a snail-covered altar of Cheibriados.
  1826 | D:3      | Learned a level 4 spell: Summon Ice Beast
  2389 | D:3      | Reached skill level 5 in Ice Magic
  2588 | D:4      | Noticed a phantom
  2592 | D:4      | Reached XP level 5. HP: 26/28 MP: 5/9
  2748 | D:5      | Entered Level 5 of the Dungeon
  2824 | D:4      | Killed by miscasting Summon Ice Beast

Vault maps used:
D:1:      shiori_arrival_whats_in_store_for_you, minmay_strange_pillars
D:2:      old_standard_altar, ecumenical_altar_1
D:3:      kennysheep_slug_shrine
D:4:      grunt_temple_overflow_holy_war, first_bread, portal_sewer_entry_e,
          kennysheep_small_square
D:5:      nemelex_deck, serial_shops, shop, kennysheep_decorative_pillar,
          uniq_sigmund

Skill      XL: |  1  2  3  4 |
---------------+-------------+-----
Ice Magic      | 4 5 |  5.2
Spellcasting   | 3 |  3.0
Dodging        | |  1.5
Stealth        | |  2.1
Conjurations   | |  1.1
Summonings     | |  0.3

Action                   |  1- 3 |  4- 6 || total
-------------------------+-------+-------++-------
Melee: Unarmed           |    26 |       ||    26
       Dagger            |     3 |    12 ||    15
Throw: Javelin           |     6 |     4 ||    10
 Cast: Freeze            |    49 |    57 ||   106
  Use: Scroll            |     5 |     2 ||     7
  Eat: Chunk             |     2 |       ||     2
       Fruit             |       |     4 ||     4
       Beef jerky        |       |     1 ||     1
Armor: Robe              |     7 |       ||     7
       Leather armour    |    14 |    33 ||    47
Dodge: Dodged            |    42 |    49 ||    91
